General information
- name: BNet
- type: Ladder team game (AT/RT)
- host: Battle.net
- saver: PeonSlayer
map: Deadlock
- players: 8
- length: 40:02
- speed: Fast
- version: 1.26 W3XP
- replay type: Public
» download(258 KB)
Players
team 1 (winner)
spiritwalker (
orange | 40 APM | 1595 actions | 40:02)
4 Mountain King
2 Storm Bolt
2 Thunder Clap
2 Paladin
1 Holy Light
1 Divine Shield
1 Pandaren Brewmaster
1 Breath of Fire
» actions
| Assign group hotkey | 28 | |
| Basic commands | 5 | |
| Build / train | 69 | |
| ESC pressed | 2 | |
| Enter build submenu | 23 | |
| Enter hero's abilities submenu | 8 | |
| Give item / drop item | 1 | |
| Remove unit from queue | 1 | |
| Right click | 586 | |
| Select / deselect | 388 | |
| Select group hotkey | 410 | |
| Use ability | 74 | |
1595 total
» units
| Peasant | 10 | |
| Footman | 10 | |
| Rifleman | 11 | |
| Knight | 2 | |
| Crypt Fiend | 5 | |
38 total
» upgrades
| Plating | 2 | |
| Swords | 2 | |
| Defend | 1 | |
| Animal War Training | 1 | |
| Gunpowder | 2 | |
| Armor | 2 | |
| Long Rifles | 1 | |
| Creature Carapace | 1 | |
12 total
» buildings
| Altar of Kings | 1 | |
| Farm | 14 | |
| Barracks | 2 | |
| Blacksmith | 1 | |
| Lumber Mill | 1 | |
| Keep | 1 | |
| Arcane Vault | 1 | |
| Castle | 1 | |
| Black Citadel | 1 | |
| Town Hall | 1 | |
| Crypt | 1 | |
25 total
» build order
00:10 Altar of Kings
00:13 Farm
00:17 Barracks
00:49 Farm
01:35 Farm
02:17 Farm
03:07 Farm
03:32 Blacksmith
03:49 Farm
04:12 Lumber Mill
04:50 Farm
04:57 Keep
05:28 Farm
05:50 Arcane Vault
06:09 Farm
06:47 Farm
08:32 Castle
11:31 Barracks
19:17 Farm
19:20 Farm
20:40 Farm
20:57 Farm
21:42 Black Citadel
24:02 Town Hall
35:56 Crypt
» items
| Scroll of Regeneration | 1 | |
| Lesser Clarity Potion | 3 | |
| Scroll of Town Portal | 1 | |
| Potion of Healing | 1 | |
6 total
PeonSlayer (
green | 113 APM | 4507 actions | 40:02)
10 Pit Lord
3 Rain of Fire
3 Howl of Terror
1 Doom
3 Cleaving Attack
» actions
| Assign group hotkey | 70 | |
| Basic commands | 359 | |
| Build / train | 214 | |
| ESC pressed | 9 | |
| Enter build submenu | 76 | |
| Enter hero's abilities submenu | 10 | |
| Give item / drop item | 7 | |
| Right click | 1299 | |
| Select / deselect | 542 | |
| Select group hotkey | 1612 | |
| Use ability | 309 | |
4507 total
» units
| Peasant | 23 | |
| Footman | 10 | |
| Sorceress | 1 | |
| Gryphon Rider | 7 | |
| Siege Engine | 1 | |
| Flying Machine | 3 | |
45 total
» upgrades
| Swords | 3 | |
| Masonry | 3 | |
| Lumber Harvesting | 2 | |
| Sorceress Training | 2 | |
| Magic Sentry | 1 | |
| Armor | 3 | |
| Animal War Training | 1 | |
| Storm Hammers | 1 | |
| Cloud | 1 | |
| Plating | 3 | |
| Gunpowder | 3 | |
| Defend | 1 | |
| Long Rifles | 1 | |
| Backpack | 1 | |
| Priest Training | 2 | |
| Control Magic | 1 | |
| Flak Cannons | 1 | |
| Flying Machine Bombs | 1 | |
| Fragmentation Shards | 1 | |
| Flare | 1 | |
| Barrage | 1 | |
34 total
» buildings
| Barracks | 1 | |
| Altar of Kings | 1 | |
| Farm | 11 | |
| Arcane Vault | 1 | |
| Town Hall | 2 | |
| Keep | 4 | |
| Lumber Mill | 1 | |
| Blacksmith | 1 | |
| Scout Tower | 34 | |
| Guard Tower | 46 | |
| Arcane Tower | 6 | |
| Arcane Sanctum | 4 | |
| Castle | 2 | |
| Gryphon Aviary | 5 | |
| Workshop | 5 | |
124 total
» build order
00:09 Barracks
00:11 Altar of Kings
00:20 Farm
01:03 Farm
01:47 Arcane Vault
02:16 Farm
03:02 Farm
04:00 Town Hall
05:37 Keep
05:37 Keep
05:37 Keep
05:39 Lumber Mill
06:05 Blacksmith
06:11 Scout Tower
06:22 Scout Tower
06:40 Scout Tower
06:42 Scout Tower
06:44 Guard Tower
06:46 Scout Tower
06:54 Guard Tower
07:10 Arcane Tower
07:10 Arcane Tower
08:03 Guard Tower
08:03 Guard Tower
08:04 Scout Tower
08:06 Scout Tower
08:11 Scout Tower
08:44 Guard Tower
09:01 Arcane Sanctum
09:04 Guard Tower
09:04 Guard Tower
09:47 Town Hall
11:19 Castle
11:19 Castle
12:20 Scout Tower
12:21 Scout Tower
12:22 Scout Tower
12:25 Scout Tower
12:25 Scout Tower
12:26 Scout Tower
12:30 Scout Tower
12:32 Scout Tower
12:33 Scout Tower
12:35 Scout Tower
12:37 Scout Tower
12:39 Scout Tower
12:43 Scout Tower
13:05 Guard Tower
13:05 Guard Tower
13:12 Guard Tower
13:12 Guard Tower
13:12 Guard Tower
13:14 Guard Tower
13:14 Guard Tower
13:19 Guard Tower
13:20 Guard Tower
13:20 Guard Tower
13:20 Guard Tower
13:20 Guard Tower
13:21 Guard Tower
13:21 Guard Tower
14:02 Arcane Tower
14:03 Guard Tower
14:21 Scout Tower
14:24 Scout Tower
14:25 Scout Tower
14:26 Scout Tower
14:30 Scout Tower
14:34 Scout Tower
15:01 Guard Tower
15:02 Guard Tower
15:02 Guard Tower
15:03 Arcane Tower
15:03 Arcane Tower
15:22 Guard Tower
15:23 Guard Tower
15:23 Guard Tower
15:47 Gryphon Aviary
15:55 Gryphon Aviary
16:31 Gryphon Aviary
16:47 Gryphon Aviary
16:51 Gryphon Aviary
20:10 Farm
20:10 Farm
20:13 Farm
20:14 Farm
20:16 Farm
20:17 Farm
21:11 Scout Tower
21:12 Scout Tower
21:13 Scout Tower
21:14 Scout Tower
21:15 Scout Tower
21:16 Scout Tower
21:18 Scout Tower
21:52 Guard Tower
21:53 Guard Tower
21:53 Guard Tower
24:06 Farm
24:11 Arcane Sanctum
24:15 Arcane Sanctum
24:16 Arcane Sanctum
28:22 Workshop
28:23 Workshop
28:25 Workshop
28:27 Workshop
28:33 Workshop
» items
| Scroll of Regeneration | 11 | |
| Boots of Speed | 1 | |
| Staff of Teleportation | 1 | |
| Lesser Clarity Potion | 10 | |
| Scroll of Town Portal | 8 | |
| Potion of Invisibility | 1 | |
| Periapt of Vitality | 1 | |
| Potion of Healing | 4 | |
| Potion of Mana | 2 | |
| Orb of Venom | 1 | |
40 total

»
Accension (
red | 78 APM | 1585 actions | 20:19)
3 Goblin Alchemist
2 Healing Spray
1 Acid Bomb
2 Pandaren Brewmaster
1 Drunken Haze
1 Breath of Fire
» actions
| Assign group hotkey | 49 | |
| Basic commands | 25 | |
| Build / train | 67 | |
| ESC pressed | 2 | |
| Enter build submenu | 21 | |
| Enter hero's abilities submenu | 5 | |
| Remove unit from queue | 1 | |
| Right click | 541 | |
| Select / deselect | 408 | |
| Select group hotkey | 362 | |
| Use ability | 104 | |
1585 total
» units
| Acolyte | 22 | |
| Ghoul | 3 | |
| Crypt Fiend | 8 | |
| Necromancer | 4 | |
37 total
» upgrades
| Creature Attack | 2 | |
| Web | 1 | |
| Skeletal Longevity | 1 | |
| Necromancer Training | 1 | |
| Unholy Armor | 1 | |
6 total
» buildings
| Crypt | 1 | |
| Ziggurat | 8 | |
| Altar of Darkness | 1 | |
| Graveyard | 1 | |
| Halls of the Dead | 1 | |
| Tomb of Relics | 1 | |
| Nerubian Tower | 4 | |
| Temple of the Damned | 1 | |
| Spirit Tower | 2 | |
| Necropolis | 1 | |
21 total
» build order
00:08 Crypt
00:10 Ziggurat
00:55 Altar of Darkness
01:02 Graveyard
02:40 Ziggurat
02:55 Halls of the Dead
03:02 Tomb of Relics
03:23 Ziggurat
04:17 Nerubian Tower
04:28 Nerubian Tower
05:57 Ziggurat
06:17 Temple of the Damned
08:03 Spirit Tower
08:03 Spirit Tower
12:56 Necropolis
16:32 Ziggurat
17:32 Nerubian Tower
18:12 Ziggurat
18:14 Ziggurat
18:16 Ziggurat
19:54 Nerubian Tower
» items
| Potion of Healing | 4 | |
| Dust of Appearance | 1 | |
| Scroll of Town Portal | 1 | |
6 total
keyboardkitten (
yellow | 59 APM | 1532 actions | 25:48)
8 Priestess of the Moon
3 Scout
3 Trueshot Aura
1 Starfall
1 Searing Arrows
» actions
| Assign group hotkey | 19 | |
| Basic commands | 6 | |
| Build / train | 77 | |
| Enter build submenu | 12 | |
| Enter hero's abilities submenu | 8 | |
| Give item / drop item | 2 | |
| Remove unit from queue | 1 | |
| Right click | 558 | |
| Select / deselect | 255 | |
| Select group hotkey | 545 | |
| Use ability | 49 | |
1532 total
» units
» upgrades
| Strength of the Moon | 3 | |
| Moon Armor | 3 | |
| Ultravision | 1 | |
| Improved Bows | 1 | |
| Marksmanship | 1 | |
9 total
» buildings
| Altar of Elders | 1 | |
| Moon Well | 5 | |
| Ancient of War | 2 | |
| Hunter's Hall | 1 | |
| Tree of Ages | 1 | |
| Ancient of Wonders | 1 | |
| Tree of Eternity | 1 | |
| Tree of Life | 1 | |
| Ancient of Wind | 1 | |
14 total
» build order
00:11 Altar of Elders
00:17 Moon Well
01:28 Ancient of War
01:39 Ancient of War
01:46 Moon Well
02:49 Moon Well
04:43 Hunter's Hall
05:03 Tree of Ages
06:09 Ancient of Wonders
06:13 Moon Well
07:26 Tree of Eternity
10:32 Moon Well
11:59 Tree of Life
22:07 Ancient of Wind
» items
| Scroll of Town Portal | 1 | |
| Potion of Lesser Invulnerability | 2 | |
| Periapt of Vitality | 1 | |
| Scroll of Healing | 1 | |
| Scroll of Regeneration | 1 | |
6 total
team 2 (loser)

»
Northwest (
teal | 82 APM | 2816 actions | 34:15)
5 Tauren Chieftain
2 War Stomp
2 Endurance Aura
1 Shockwave
4 Shadow Hunter
2 Hex
2 Healing Wave
» actions
| Assign group hotkey | 23 | |
| Build / train | 67 | |
| Enter build submenu | 18 | |
| Enter hero's abilities submenu | 9 | |
| Give item / drop item | 3 | |
| Remove unit from queue | 2 | |
| Right click | 1716 | |
| Select / deselect | 315 | |
| Select group hotkey | 510 | |
| Use ability | 152 | |
2816 total
» units
| Peon | 11 | |
| Wind Rider | 13 | |
| Troll Batrider | 7 | |
31 total
» upgrades
| Ranged Weapons | 3 | |
| Armor | 3 | |
| Envenomed Spears | 1 | |
7 total
» buildings
| Altar of Storms | 1 | |
| Orc Burrow | 6 | |
| War Mill | 1 | |
| Voodoo Lounge | 2 | |
| Stronghold | 1 | |
| Watch Tower | 2 | |
| Beastiary | 2 | |
| Fortress | 1 | |
| Great Hall | 1 | |
17 total
» build order
00:12 Altar of Storms
00:20 Orc Burrow
01:09 Orc Burrow
01:30 War Mill
02:22 Voodoo Lounge
02:45 Orc Burrow
02:49 Stronghold
03:17 Watch Tower
03:23 Watch Tower
03:48 Orc Burrow
05:21 Beastiary
05:24 Beastiary
06:12 Orc Burrow
12:50 Orc Burrow
15:11 Fortress
17:38 Voodoo Lounge
24:55 Great Hall
» items
| Healing Salve | 4 | |
| Lesser Clarity Potion | 5 | |
| Potion of Healing | 1 | |
| Potion of Mana | 1 | |
| Scroll of Town Portal | 2 | |
13 total
Zoilliop (
blue | 50 APM | 1997 actions | 40:02)
8 Blademaster
3 Wind Walk
3 Critical Strike
1 Bladestorm
1 Mirror Image
» actions
| Assign group hotkey | 41 | |
| Basic commands | 72 | |
| Build / train | 107 | |
| Enter build submenu | 47 | |
| Enter hero's abilities submenu | 8 | |
| Give item / drop item | 15 | |
| Right click | 960 | |
| Select / deselect | 305 | |
| Select group hotkey | 274 | |
| Use ability | 168 | |
1997 total
» units
» upgrades
| Armor | 3 | |
| Pillage | 1 | |
| Ranged Weapons | 3 | |
| Reinforced Defenses | 1 | |
| Envenomed Spears | 1 | |
9 total
» buildings
| Orc Burrow | 7 | |
| Altar of Storms | 1 | |
| Barracks | 1 | |
| Voodoo Lounge | 2 | |
| Stronghold | 1 | |
| Great Hall | 3 | |
| War Mill | 2 | |
| Watch Tower | 29 | |
| Beastiary | 6 | |
| Fortress | 1 | |
53 total
» build order
00:14 Orc Burrow
01:01 Altar of Storms
01:03 Barracks
01:07 Orc Burrow
01:37 Voodoo Lounge
02:51 Stronghold
04:16 Great Hall
04:27 War Mill
05:18 Orc Burrow
05:41 Watch Tower
05:41 Watch Tower
05:42 Watch Tower
05:46 Watch Tower
06:46 Watch Tower
06:58 Beastiary
06:59 Beastiary
08:15 Watch Tower
08:15 Watch Tower
08:17 Watch Tower
11:01 Fortress
11:34 Voodoo Lounge
15:47 Great Hall
15:51 Watch Tower
15:52 Watch Tower
15:53 Watch Tower
15:54 Watch Tower
15:56 Watch Tower
15:56 Watch Tower
15:57 Watch Tower
15:59 Watch Tower
18:29 Beastiary
18:30 Beastiary
18:33 Beastiary
18:37 Beastiary
22:02 Watch Tower
22:02 Watch Tower
22:03 Watch Tower
22:03 Watch Tower
22:04 Watch Tower
22:05 Watch Tower
22:05 Watch Tower
22:06 Watch Tower
22:07 Watch Tower
25:11 Orc Burrow
25:13 Orc Burrow
25:16 Orc Burrow
32:04 War Mill
35:39 Great Hall
35:42 Watch Tower
35:42 Watch Tower
35:42 Watch Tower
35:43 Watch Tower
35:50 Orc Burrow
» items
| Healing Salve | 8 | |
| Lesser Clarity Potion | 7 | |
| Potion of Mana | 7 | |
| Potion of Healing | 6 | |
| Scroll of Town Portal | 6 | |
| Boots of Speed | 1 | |
| Periapt of Vitality | 1 | |
| Potion of Lesser Invulnerability | 1 | |
| Scroll of Healing | 2 | |
| Orb of Lightning | 1 | |
| Dust of Appearance | 1 | |
| Staff of Teleportation | 2 | |
43 total

»
wowublow (
purple | 39 APM | 1382 actions | 35:21)
4 Archmage
2 Summon Water Elemental
2 Blizzard
» actions
| Assign group hotkey | 26 | |
| Basic commands | 22 | |
| Build / train | 95 | |
| Enter build submenu | 36 | |
| Enter hero's abilities submenu | 4 | |
| Right click | 407 | |
| Select / deselect | 244 | |
| Select group hotkey | 478 | |
| Use ability | 69 | |
1382 total
» units
| Peasant | 23 | |
| Footman | 7 | |
| Rifleman | 10 | |
| Mortar Team | 12 | |
| Siege Engine | 1 | |
| Flying Machine | 10 | |
| Wind Rider | 5 | |
68 total
» upgrades
| Gunpowder | 3 | |
| Long Rifles | 1 | |
| Lumber Harvesting | 1 | |
| Armor | 2 | |
| Masonry | 1 | |
| Flare | 1 | |
| Fragmentation Shards | 1 | |
10 total
» buildings
| Farm | 13 | |
| Altar of Kings | 1 | |
| Barracks | 2 | |
| Town Hall | 2 | |
| Keep | 1 | |
| Lumber Mill | 1 | |
| Blacksmith | 1 | |
| Scout Tower | 12 | |
| Guard Tower | 5 | |
| Workshop | 2 | |
| Arcane Vault | 1 | |
| Castle | 1 | |
42 total
» build order
00:22 Farm
00:37 Altar of Kings
00:53 Barracks
01:00 Farm
01:42 Farm
02:19 Farm
03:11 Farm
04:42 Town Hall
04:52 Keep
04:56 Lumber Mill
05:01 Blacksmith
08:41 Scout Tower
08:43 Scout Tower
08:45 Scout Tower
08:46 Scout Tower
08:49 Scout Tower
08:51 Scout Tower
08:54 Scout Tower
08:56 Scout Tower
08:58 Scout Tower
09:00 Scout Tower
09:04 Scout Tower
09:16 Guard Tower
09:30 Guard Tower
09:36 Scout Tower
09:52 Guard Tower
10:03 Workshop
10:07 Workshop
10:11 Guard Tower
10:13 Guard Tower
10:15 Farm
11:32 Barracks
12:03 Town Hall
12:47 Farm
13:04 Farm
13:28 Farm
15:52 Farm
19:05 Arcane Vault
20:59 Farm
21:02 Farm
21:17 Castle
22:54 Farm
» items
| Boots of Speed | 1 | |
| Scroll of Town Portal | 2 | |
| Scroll of Regeneration | 2 | |
5 total
MYTRUCKNOW (
pink | 45 APM | 1587 actions | 35:17)
4 Death Knight
2 Unholy Aura
1 Death Coil
1 Death Pact
1 Lich
1 Frost Nova
» actions
| Assign group hotkey | 14 | |
| Basic commands | 53 | |
| Build / train | 84 | |
| ESC pressed | 10 | |
| Enter build submenu | 54 | |
| Enter hero's abilities submenu | 5 | |
| Remove unit from queue | 1 | |
| Right click | 854 | |
| Select / deselect | 329 | |
| Select group hotkey | 107 | |
| Use ability | 76 | |
1587 total
» units
| Acolyte | 32 | |
| Ghoul | 5 | |
| Crypt Fiend | 13 | |
| Frost Wyrm | 2 | |
52 total
» upgrades
| Creature Attack | 1 | |
| Creature Carapace | 1 | |
| Web | 1 | |
| Ghoul Frenzy | 1 | |
4 total
» buildings
| Crypt | 4 | |
| Ziggurat | 13 | |
| Graveyard | 3 | |
| Altar of Darkness | 3 | |
| Nerubian Tower | 5 | |
| Tomb of Relics | 4 | |
| Spirit Tower | 2 | |
| Halls of the Dead | 5 | |
| Black Citadel | 2 | |
| Sacrificial Pit | 1 | |
| Necropolis | 4 | |
| Boneyard | 2 | |
| Slaughterhouse | 1 | |
| Temple of the Damned | 1 | |
50 total
» build order
00:10 Crypt
00:14 Ziggurat
00:40 Graveyard
00:48 Graveyard
01:13 Altar of Darkness
01:15 Nerubian Tower
01:50 Ziggurat
02:14 Tomb of Relics
02:50 Nerubian Tower
03:27 Ziggurat
04:49 Spirit Tower
04:58 Ziggurat
06:03 Halls of the Dead
09:49 Black Citadel
09:54 Sacrificial Pit
10:03 Ziggurat
10:09 Necropolis
11:24 Nerubian Tower
12:26 Nerubian Tower
12:48 Ziggurat
12:50 Ziggurat
12:54 Spirit Tower
15:09 Boneyard
15:11 Boneyard
20:08 Ziggurat
20:13 Tomb of Relics
20:30 Ziggurat
22:38 Necropolis
22:43 Necropolis
25:24 Ziggurat
26:04 Altar of Darkness
26:14 Crypt
26:17 Crypt
26:29 Ziggurat
28:37 Necropolis
28:40 Altar of Darkness
28:44 Ziggurat
29:03 Graveyard
30:47 Crypt
31:12 Ziggurat
31:24 Tomb of Relics
31:47 Halls of the Dead
31:47 Halls of the Dead
31:47 Halls of the Dead
31:48 Halls of the Dead
33:02 Nerubian Tower
33:08 Tomb of Relics
34:35 Black Citadel
34:42 Slaughterhouse
34:48 Temple of the Damned
» items
| Rod of Necromancy | 3 | |
| Potion of Healing | 2 | |
| Scroll of Regeneration | 1 | |
6 total
Chat log
(00:06 / All) Zoilliop: Deep ass, yellow?
(00:18 / All) MYTRUCKNOW: EH?
(00:22 / All) Zoilliop: Backdoor beautY?
(00:30 / Allies) keyboardkitten: super archer
(00:45 / All) PeonSlayer: THE WORLD IS GONNA END MANS WHAT ARE YOU ALL GONNA DO ABOUT IT
(00:59 / All) PeonSlayer: NOTHINGS I TELLS YA OBAMAS TAKING AWAY OUR GUNS, HOW WE GONNA SHOOT THE LIZARD GOV'MENT NOW
(02:59 / All) MYTRUCKNOW: OWLPLZ
(06:21 / Allies) spiritwalker: wait
(06:22 / Allies) keyboardkitten: need heal dude
(06:42 / Allies) spiritwalker: coming
(07:45 / Allies) keyboardkitten: wood
(07:56 / All) keyboardkitten: gg
(09:16 / Allies) spiritwalker: web
(09:20 / Allies) PeonSlayer: 200 wood please
(09:23 / Allies) keyboardkitten: opmw
(09:25 / Allies) keyboardkitten: run to me
(09:33 / Allies) PeonSlayer: 100 wood bros
(09:38 / Allies) spiritwalker: pink dk
(12:37 / Allies) keyboardkitten: wood?
(12:45 / Allies) keyboardkitten: ty
(12:49 / Allies) PeonSlayer: You gave me none when I asked
(12:53 / Allies) PeonSlayer: and you had 300
(12:56 / Allies) PeonSlayer: and I only wanted 100
(14:41 / Allies) spiritwalker: yellow
(14:55 / Allies) spiritwalker: meet
(15:13 / Allies) spiritwalker: gogogo
(15:24 / Allies) spiritwalker: green get stronger units
(15:29 / Allies) PeonSlayer: I need wood
(15:35 / Allies) PeonSlayer: and yellow is a lumber hoarder
(15:51 / Allies) PeonSlayer: wood me and I'll make units
(15:56 / Allies) keyboardkitten: kill yourself
(15:59 / Allies) PeonSlayer: lol
(17:07 / Allies) keyboardkitten: gotgta hit the morts
(17:39 / All) spiritwalker: keep runing pink+11
(17:45 / All) MYTRUCKNOW: WILL DOS
(17:55 / All) MYTRUCKNOW: HOV
(18:24 / Allies) keyboardkitten: gold
(18:28 / Allies) PeonSlayer: No
(18:38 / Allies) PeonSlayer: You have 1k wood
(18:41 / Allies) keyboardkitten: you stupid?
(18:41 / Allies) PeonSlayer: I'll trade gold for wood
(18:43 / Allies) PeonSlayer: No
(18:46 / Allies) PeonSlayer: You are a lumber hoarder
(19:01 / Allies) PeonSlayer: ty sirs
(22:23 / Allies) keyboardkitten: gold
(22:37 / Allies) PeonSlayer: I am getting sick of your lumber hoarding
(22:43 / Allies) keyboardkitten: gold
(22:52 / Allies) keyboardkitten: you ahve 1k lumer
(23:05 / All) Zoilliop: omg
(23:05 / All) keyboardkitten: leave
(23:09 / All) Zoilliop: |lol
(23:12 / All) PeonSlayer: I am killing yellow
(23:14 / All) PeonSlayer: For he is a newblet
(23:16 / All) PeonSlayer: And a lumber hoarder
(24:03 / Allies) keyboardkitten: heal me oj
(24:13 / Allies) spiritwalker: come
(24:19 / Allies) keyboardkitten: starfall
(24:20 / Allies) PeonSlayer: I will to kill you soon
(24:36 / Allies) spiritwalker: gold please
(24:38 / Allies) PeonSlayer: No
(25:01 / All) Zoilliop: Alright orange
(25:10 / All) spiritwalker: green wtf
(25:19 / Allies) spiritwalker: stop
(25:20 / Allies) spiritwalker: please
(25:23 / Allies) spiritwalker: we got this
(25:24 / Allies) spiritwalker: please
(25:26 / Allies) spiritwalker: stop
(25:31 / Allies) PeonSlayer: Not anymore
(25:36 / Allies) keyboardkitten: killyourself cunt
(25:40 / All) PeonSlayer: It's sweet that doom works on allied units
(25:41 / Allies) keyboardkitten: uninstall the game
(25:54 / All) PeonSlayer: He is pretty mad
(25:55 / Allies) spiritwalker: green
(26:00 / Allies) spiritwalker: serius?
(26:06 / Allies) PeonSlayer: Yes
(26:10 / Allies) PeonSlayer: You are all lumber hoarders
(26:13 / Allies) PeonSlayer: Give me wood and you may live
(26:35 / All) PeonSlayer: Welcome to food block hell
(26:55 / All) spiritwalker: gg green kill team
(27:24 / All) spiritwalker: i cant bealive this shit
(27:29 / All) MYTRUCKNOW: MH
(27:30 / All) PeonSlayer: I can. It's my doing
(27:30 / All) spiritwalker: retard
(27:40 / All) PeonSlayer: Who is maphacking?
(27:46 / All) spiritwalker: noob
(27:50 / All) spiritwalker: you
(28:00 / All) spiritwalker: suck my cock foking noob
(28:11 / All) spiritwalker: dont play team games if u like do this shits
(28:18 / All) PeonSlayer: It's the reason I play team games though
(28:36 / All) spiritwalker: fock off noob
(28:39 / All) spiritwalker: idiot
(28:50 / All) wowublow: i fucking cant believe blue and teal just ran away and let me die
(28:59 / All) PeonSlayer: I can
(29:02 / All) Zoilliop: Quit your bitching...
(29:06 / All) PeonSlayer: You are trash
(29:08 / All) spiritwalker: cuz they are noobs like green
(29:09 / All) PeonSlayer: They are better off without you
(29:58 / All) spiritwalker: whts going on????
(30:10 / All) MYTRUCKNOW: MH
(30:19 / All) PeonSlayer: Who ?
(30:25 / All) wowublow: blue just showing everyone how much he sucks just owned him,
(30:50 / All) spiritwalker: blue is green ur noob friend?
(30:50 / All) wowublow: blue you suck so bad you cant even tk you noob
(30:54 / All) wowublow: lol
(30:54 / All) spiritwalker: are u retard???
(31:00 / All) Zoilliop: wyverns vs rifles
(31:02 / All) Zoilliop: you are an idiot
(31:07 / All) PeonSlayer: He is raping all of you with wyverns
(31:08 / All) PeonSlayer: Seems to work
(31:18 / All) wowublow: really i attacked you did i i think your the idiot fuckhead
(31:22 / All) spiritwalker: mmm but at least im not like u noob
(31:41 / All) PeonSlayer: A voteĆ? What European or South/Central American slum are you from?
(31:49 / All) spiritwalker: lol run green
(31:50 / All) wowublow: that just shows your an even bigger fucking noob shut the fuck now and go hang yourself
(31:51 / All) spiritwalker: run
(32:20 / All) spiritwalker: teal get more bads
(32:31 / All) PeonSlayer: He won't kill me with bats and I have 5 workshops to make tanks if I have to
(32:40 / All) wowublow: are you hanging yourself yet im sure nobody will miss you so dont wait
(32:48 / All) Zoilliop: Purple how you level 4 only
(33:32 / All) spiritwalker: use bads
(33:36 / All) spiritwalker: kill him
(33:38 / All) PeonSlayer: I have my gryphons split
(33:40 / All) PeonSlayer: It's pointless
(33:45 / All) wowublow: lol teal doesnt know how to use bats
(33:59 / All) PeonSlayer: My army was split anyway
(34:10 / All) Northwest: blue fucked us
(34:13 / All) Northwest: thats it
(34:17 / All) wowublow: who cares
(34:27 / All) Zoilliop: I'm going to piss on his remains
(34:44 / All) wowublow: wow you really are about 8 arent you
(34:58 / All) Zoilliop: I'll suffer no insults
(35:09 / All) wowublow: cause you seem to have the brain capacity of a worm
(35:17 / All) spiritwalker: lol+
(35:24 / All) Zoilliop: lawl
(35:34 / All) Zoilliop: Time for you to lose orange
(37:30 / All) spiritwalker: and the winner is blue, winner of noobs
(37:46 / All) PeonSlayer: He's not in this for the win
(37:50 / All) PeonSlayer: He's in it for the schadenfreude
(37:52 / All) spiritwalker: cuz green is killing himself
(38:02 / All) PeonSlayer: Because you are still here
(38:05 / All) PeonSlayer: And you must get the loss